 Dungeon Crawl Stone Soup version 0.30-a0-377-g5cb311bc9f (webtiles) character file.

Game seed: 9329874126940378236

205 lesbiats the Ruffian (level 5, 0/53 HPs)
             Began as a Troll Fighter on Nov 28, 2022.
             Slain by a ball python (1 damage)
             ... in a sewer.
             The game lasted 00:06:59 (2349 turns).

lesbiats the Ruffian (Troll Fighter)                Turns: 2349, Time: 00:07:00

Health: 0/53       AC:  5    Str: 24    XL:     5   Next: 52%
Magic:  4/4        EV: 13    Int:  6    God:
Gold:   171        SH:  8    Dex: 12    Spells: 4/4 levels left

rFire   . . .      SeeInvis .      - Unarmed
rCold   . . .      Faith    .    b - +0 kite shield
rNeg    . . .      Spirit   .    l - +1 robe "Ehyumnuv" {Will++ Dex+3}
rPois   .          Reflect  .    (helmet restricted)
rElec   .          Harm     .    (no cloak)
rCorr   .          Rampage  .    (gloves unavailable)
Will    ++...                    (boots unavailable)
Stlth   +.........               (no amulet)
HPRegen 1.08/turn                k - +4 ring of evasion
MPRegen 0.09/turn                (no ring)

@: no status effects
A: large, unfitting armour, claws 3, regeneration 1, shaggy fur 1, tough skin 1
a: no special abilities


You were in a sewer.
You visited 1 branch of the dungeon, and saw 3 of its levels.
You also visited: Sewer.

You collected 171 gold pieces.

Inventory:

Missiles
 d - 3 boomerangs (quivered)
 e - 3 javelins
Armour
 a - a +0 robe
 b - a +0 kite shield (worn)
 l - the +1 robe "Ehyumnuv" (worn) {Will++ Dex+3}
   (You found it on level 3 of the Dungeon)

   Dex:       It affects your dexterity (+3).
   Will:      It greatly increases your willpower.
Jewellery
 k - a +4 ring of evasion (left claw)
Scrolls
 f - 2 scrolls of teleportation {unknown}
 h - 3 scrolls of enchant weapon {unknown}
 i - a scroll of blinking {unknown}
 j - 2 scrolls of noise {unknown}
 o - a scroll of brand weapon {unknown}
Potions
 c - a potion of might
 g - 2 potions of curing {unknown}
 m - a potion of flight {unknown}
 n - a potion of brilliance {unknown}
 p - 2 potions of mutation {unknown}


   Skills:
 + Level 3.3 Fighting
 - Level 2.4 Dodging
 + Level 3.6 Shields
 * Level 4.3 Unarmed Combat


You had 4 spell levels left.
You didn't know any spells.
Your spell library was empty.

Dungeon Overview and Level Annotations

Branches:
Dungeon (3/15)              Sewer (1/1)

Altars:

Shops:
D:2 (


Innate Abilities, Weirdness & Mutations

You are too large for most types of armour.
You have claws for hands.
Your natural rate of healing is unusually fast.
You are covered in fur. (AC +1)
You have tough skin. (AC +1)


Message History

The bullfrog hits you but does no damage.
You block the bullfrog's attack. You block the ball python's attack.
The ball python bites you. The ball python closely misses you.
The ball python bites you. The bullfrog barely misses you.
You block the frilled lizard's attack. The bullfrog hits you.
You claw the ball python!
You kill the ball python!
The bullfrog closely misses you. You block the ball python's attack.
The bullfrog misses you. The ball python closely misses you. x2
The frilled lizard bites you but does no damage.
The ball python misses you.
The bullfrog hits you but does no damage.
The ball python closely misses you. The bullfrog attacks as you move away!
The bullfrog hits you but does no damage.
The ball python attacks as you move away!
The ball python bites you but does no damage.
The bullfrog hits you. You block the ball python's attack.
The bullfrog hits you.
* * * LOW HITPOINT WARNING * * *
You block the bullfrog's attack. The ball python closely misses you.
You block the ball python's attack. The ball python barely misses you.
The frilled lizard hisses.
The bullfrog hits you but does no damage.
You scratch the ball python but do no damage.
The bullfrog closely misses you.
The ball python bites you but does no damage.
You block the ball python's attack.
The ball python bites you but does no damage.
The ball python barely misses you. The bullfrog hits you!
* * * LOW HITPOINT WARNING * * *
The bullfrog hits you.
* * * LOW HITPOINT WARNING * * *
The ball python barely misses you. The bullfrog attacks as you move away!
The bullfrog barely misses you. The bullfrog attacks as you move away!
You block the bullfrog's attack. The ball python bites you.
* * * LOW HITPOINT WARNING * * *
The ball python bites you.
You die...

#≈~≈≈≈≈# #≈~....
#≈≈~≈≈≈# ##.~~.#
#≈≈~≈≈≈# #~~≈≈≈≈
#≈≈~~≈≈# #~≈≈≈≈≈
#≈≈≈~≈≈# #≈†~≈≈≈
#≈≈≈J≈≈# #≈≈≈~≈≈
#≈≈SF≈≈##### #≈≈≈†≈≈
##SFSl.##..# ##.~...
#..@S..##..###......
##.....†##'##......#
#....†....#.......#
##......†........##
####.........####
####...#### #####


You could see 2 bullfrogs, an endoplasm, 4 ball pythons and a frilled lizard.

Vanquished Creatures
  8 adders
  4 river rats (Sewer)
  A worm (D:2)
  2 dart slugs
  13 ball pythons
  4 endoplasms
  6 giant cockroaches
  8 hobgoblins
  3 kobolds
  4 quokkas
  3 bats
  2 frilled lizards
  6 goblins
  33 rats
97 creatures vanquished.

Notes
Turn   | Place    | Note
-------+----------+-------------------------------------------
     0 | D:1      | lesbiats the Troll Fighter began the quest for the Orb.
     0 | D:1      | Reached XP level 1. HP: 22/22 MP: 0/0
     7 | D:1      | You fall into a shaft and drop 1 floor!
     7 | D:2      | Found Hiturhu's Antique Weapon Boutique.
   320 | D:1      | Reached XP level 2. HP: 29/29 MP: 1/1
  1056 | D:2      | Reached XP level 3. HP: 36/36 MP: 2/2
  1229 | D:2      | Reached skill level 3 in Unarmed Combat
  1296 | D:2      | Reached XP level 4. HP: 31/44 MP: 3/3
  1316 | D:2      | Found a faded altar of an unknown god.
  1971 | D:3      | Identified the +1 robe "Ehyumnuv" {Will++ Dex+3}
  2032 | D:3      | Found a glowing drain.
  2051 | Sewer    | Entered a sewer
  2114 | Sewer    | Reached skill level 4 in Unarmed Combat
  2114 | Sewer    | Reached XP level 5. HP: 30/53 MP: 4/4
  2348 | Sewer    | HP: 1/53 [bullfrog (3)]
  2349 | Sewer    | Slain by a ball python

Illustrated notes

Levels and vault maps discovered:
D:1:      mainiacjoe_arrival_reflecting_pool, layout_loops_corners
D:2:      layout_loops_cross, nicolae_ecumenical_snake_handling, serial_shops,
          nicolae_shop_statue_plus, grunt_ministairs_7, st_stairs_1
D:3:      layout_basic, gup_sewer_entry_pipe, guppyfry_early_orc_mine
Sewer:    sewer_minmay_w

Skill      XL: |  1  2  3  4 |
---------------+-------------+-----
Shields        | 3 |  3.6
Unarmed Combat | 3 4 |  4.3
Fighting       | 3 |  3.3
Dodging        | |  2.4

Action                   |  1- 3 |  4- 6 || total
-------------------------+-------+-------++-------
Melee: Unarmed           |    94 |   154 ||   248
 Stab: Sleeping          |     1 |     1 ||     2
Armor: Robe              |    28 |    81 ||   109
Dodge: Dodged            |    29 |   147 ||   176
Block: Kite shield       |    45 |   111 ||   156

Table legend: (Time is in decaauts)
 A = Elapsed time spent in this place.
 B = Non-inter-level travel time spent in this place.
 C = Inter-level travel time spent in this place.
 D = Time resting spent in this place.
 E = Time spent auto-exploring this place.
 F = Levels seen in this place.
 G = Mean time per level.
                   A        B        C        D        E       F      G
               +--------+--------+--------+--------+--------+-----+--------+
         Total |   2424 |   2181 |    243 |    118 |   1399 |   4 |  606.0 |
       Dungeon |   2069 |   1826 |    243 |    112 |   1297 |   3 |  689.7 |
         Sewer |    354 |    354 |      0 |      6 |    102 |   1 |  354.0 |
               +--------+--------+--------+--------+--------+-----+--------+

Top non-repeatable levels by time:
     D:2: 1015 daAuts
     D:1: 887 daAuts
   Sewer: 354 daAuts
     D:3: 166 daAuts
